AoeStats
← AnnDziGro

MegaRandom

509367534Analyzed
2v2 RM · 6d ago on Sep 26, 2026· 59m 30s· 4 players
Game mode
Random Map
Map size
Medium (4 player)
Population
200
Speed
Normal
Resources
Standard
Victory
Conquest
Starting age
Dark Age
Ending age
Imperial Age
RankedLock teamsTeams togetherTeam positionsShared explorationLock speedFull tech treeHidden civsTurbo modeCheats
Victory
Defeat
🇵🇱 Italians · Poland
903
+16
🇵🇱 Bohemians · Poland
900
+16
🇹🇷 Italians · Türkiye
913
-17
🇨🇳 Chinese · China
873
-38
AnnDziGro
15:25 Feudal Age
22:38 Castle Age
21:05 Horse Collar
21:15 Double-Bit Axe
26:50 Crossbowman
30:07 Wheelbarrow
29:21 Town Watch
31:21 Hand Cart
31:54 Pikeman
37:31 Loom
41:37 Stone Mining
45:22 Forging
45:02 Fletching
46:04 Squires
45:50 Arson
47:14 Iron Casting
46:35 Bodkin Arrow
47:27 Scale Mail Armor
50:35 Bow Saw
51:16 Scale Barding Armor
51:26 Chain Mail Armor
54:00 Imperial Age
54:57 Chain Barding Armor
55:20 Ballistics
56:01 Chemistry
54:57 Murder Holes
57:05 Two-Man Saw
56:11 Heavy Plow
58:11 Light Cavalry
58:52 Husbandry
MarDziGro
15:16 Loom
17:04 Feudal Age
19:05 Wheelbarrow
18:19 Double-Bit Axe
20:38 Horse Collar
22:17 Man-at-Arms
23:36 Fletching
24:35 Padded Archer Armor
29:22 Forging
31:49 Castle Age
29:54 Scale Mail Armor
31:53 Pikeman
32:33 Squires
31:55 Long Swordsman
32:07 Elite Skirmisher
37:32 Hand Cart
45:14 Caravan
49:00 Iron Casting
48:20 Bodkin Arrow
48:41 Leather Archer Armor
50:13 Chemistry
49:23 Arson
49:57 Chain Mail Armor
49:44 Husbandry
51:15 Town Watch
54:15 Imperial Age
54:09 Bow Saw
53:35 Light Cavalry
55:16 Heavy Plow
55:32 Scale Barding Armor
56:59 Two-Man Saw
55:36 Cavalier
58:37 Blast Furnace
ersoy_f
15:48 Feudal Age
16:45 Man-at-Arms
20:34 Wheelbarrow
19:48 Double-Bit Axe
22:54 Horse Collar
23:53 Scale Mail Armor
30:55 Castle Age
30:43 Forging
31:09 Bloodlines
32:03 Stone Mining
32:36 Scale Barding Armor
33:30 Bow Saw
34:49 Husbandry
35:16 Squires
36:44 Padded Archer Armor
36:35 Fletching
38:02 Heavy Plow
46:54 Thumb Ring
46:10 Elite Skirmisher
47:25 Bodkin Arrow
51:07 Leather Archer Armor
56:14 Town Watch
56:45 Hand Cart
60:15 Imperial Age
山海
30:17 Feudal Age
32:54 Double-Bit Axe
34:29 Forging
36:47 Wheelbarrow
38:41 Horse Collar
38:51 Loom
44:02 Castle Age
43:56 Gold Mining
54:32 Thumb Ring
59:18 Padded Archer Armor
Connection lost

Rejoining the realm…

Still unreachable

The connection could not be restored.

Session expired

The server has moved on; the page needs a fresh start.